 Dungeon Sprint DCSS version 0.18-a0-1789-gbeff17f (webtiles) character file.

10600 Kidiri the Unseen (level 11, -17/58 HPs)
             Began as a Spriggan Enchanter on Apr 21, 2016.
             Was the Champion of Dithmenos.
             Demolished by a lorocyproca (38 damage)
             ... in the Dungeon (Sprint I: "Red Sonja").
             The game lasted 00:16:53 (1790 turns).

Kidiri the Unseen (Spriggan Enchanter)              Turns: 1790, Time: 00:16:54

Health: -17/58     AC:  6    Str:  4      XL:     11   Next: 38%
Magic:  26/29      EV: 32    Int: 17 (18) God:    Dithmenos [******]
Gold:   777        SH:  0    Dex: 19      Spells: 6 memorised, 15 levels left

rFire  . . .     SeeInvis +     a - +1 dagger (elec)
rCold  . . .     Gourm    .     u - +2 robe {rN+}
rNeg   + . .     Faith    .     (shield restricted)
rPois  .         Spirit   .     (helmet restricted)
rElec  .         Dismiss  .     p - +1 cloak
rCorr  .         Reflect  .     (gloves unavailable)
SustAt .         Harm     .     (boots unavailable)
MR     ++...     NoTele   +     o - amulet of regeneration
Stlth  ++++++++++               (no ring)
                                w - ring of protection from magic

@: wreathed by umbra, very quick, very resistant to hostile enchantments,
uncannily stealthy
A: unfitting armour, see invisible, herbivore 3, speed 3, slow metabolism 2
a: Shadow Step, Shadow Form, Renounce Religion


You were in the Dungeon.
You worshipped Dithmenos.
Dithmenos was exalted by your worship.
You were not hungry.

You visited 1 branch You collected 2439 gold pieces.
You spent 1662 gold pieces at shops.

Inventory:

Hand Weapons
 a - a +1 dagger of electrocution (weapon)
 y - a +0 rapier of venom
Missiles
 b - a throwing net (quivered)
Armour
 p - a +1 cloak (worn)
 r - the +1 ice dragon armour of Beogh's Envy {rF- rC++ Dex+3}
   (You found it in the Dungeon)

   It affects your dexterity (+3).
   It makes you vulnerable to fire.
   It greatly protects you from cold.
 u - a +2 robe of positive energy (worn)
 x - a +1 robe of cold resistance
Jewellery
 o - an amulet of regeneration (around neck)
 w - a ring of protection from magic (left hand)
Scrolls
 j - a scroll of blinking
 m - a scroll of recharging
 s - 3 scrolls of fear
Potions
 e - 3 potions of curing
 g - a potion of haste
 h - a potion of magic
 i - a potion of berserk rage
 k - 2 potions of cure mutation
 l - a potion of flight
 n - a potion of brilliance {unknown}
 q - a potion of resistance {unknown}
Books
 z - a book of the Tempests

   Spells                             Type                      Level
   a - Static Discharge               Conjuration/Air              3
   b - Lightning Bolt                 Conjuration/Air              5
   c - Fireball                       Conjuration/Fire             5
   d - Tornado                        Air                          9
   e - Shatter                        Earth                        9
Comestibles
 d - a bread ration


   Skills:
 + Level 6.7 Fighting
 * Level 12.0 Short Blades
 + Level 6.0 Armour
 * Level 15.2 Dodging
 * Level 16.6 Stealth
 * Level 13.2 Spellcasting
 + Level 4.9 Conjurations
 + Level 10.2 Hexes
 + Level 6.3 Ice Magic
 + Level 3.3 Earth Magic
 - Level 5.8 Invocations


You had 15 spell levels left.
You knew the following spells:

 Your Spells              Type           Power        Failure   Level  Hunger
a - Corona                Hex            #####..      1%          1    None
b - Ensorcelled Hibernat  Hex/Ice        #####.       1%          2    None
c - Confuse               Hex            #####...     1%          3    None
d - Tukima's Dance        Hex            #####...     1%          3    None
e - Dazzling Spray        Conj/Hex       #####...     1%          3    None
f - Shatter               Erth           ###.......   100%        9    #######


Dungeon Overview and Level Annotations

Branches:
Dungeon (1/1)

Altars:
Cheibriados
Dithmenos
Elyvilon
Fedhas
Gozag
Kikubaaqudgha
Makhleb
Nemelex Xobeh
Okawaru
Pakellas
Qazlal
Ru
Sif Muna
Trog
Vehumet
Xom
Yredelemnul
Zin
The Shining One
Jiyva

Shops:
D *?%([%%*!(*%:(:[(

Annotations:
D Norris


Innate Abilities, Weirdness & Mutations

You are tiny and cannot use many weapons and most armour.
You have supernaturally acute eyesight.
You are a herbivore.
You cover ground extremely quickly.
You need consume almost no food.


Message History

The lorocyproca is severely wounded.
The lorocyproca completely misses you.
Casting: Dazzling Spray
Confirm with . or Enter, or press ? or * to list all spells.
Aiming: Dazzling Spray
Press: ? - help, Shift-Dir - straight line, f/p - lorocyproca
Aim: a lorocyproca (black smoke, severely wounded, slightly transparent, umbra)
The spray of energy hits the lorocyproca.
The lorocyproca is almost dead.
The lorocyproca hits you!
You emit a cloud of dark smoke.
You feel your power leaking away.
Casting: Dazzling Spray
Confirm with . or Enter, or press ? or * to list all spells.
You don't have enough magic to cast that spell.
Unknown command.
Unknown command.
Drink which item? (? for menu, Esc to quit)
Magic courses through your body. The lorocyproca hits you!!!
Ouch! That really hurt!
You die...

################################*
#__#..'..[#.)#.§§§+§§§§..+%.#.^+,
'..'..#%..##+#§####§§§§.##§§+^^#,
#__####)..'..#§#@###§§§#######+#,
####§§#####..+§#2#$###+#,,,**,.#,
#≈§≈§§#.§##'####§§$#@#,**,,,*,.#*
+≈§§§.+.§#..§.§#§§$###,,***,*,.≈*
#≈§§§§#..#...§§+..$$$#*,*,*,*,.≈,
##§#####+###§§^#^....#,,***,*,m≈e
#(.(.###.+.#.§§###++##,**,,,*,.≈#
##+###.###.#^^##*,,***,,*+***,,≈*
.....+.∩##§#^.#***,,***,,,*,≈,,**


You could see a lorocyproca (invisible).

Vanquished Creatures
  2 centaur warriors (D)
  A hydra (D)
  Sonja (D)
  A deep troll (D)
  2 unseen horrors (D)
  A lindwurm (D)
  An oklob plant (D)
  A gargoyle (D)
  2 kobold demonologists (D)
  4 demonic crawlers (D)
  A slime creature (D)
  Sigmund (D)
  A yak (D)
  2 redbacks (D)
  13 hogs (D)
  3 giant eyeballs (D)
  A wasp (D)
  7 necrophages (D)
  An ogre (D)
  8 jellies (D)
  Ijyb (D)
  A giant spore (D)
56 creatures vanquished.

Vanquished Creatures (others)
  2 wasps (D)
  A giant spore (D)
3 creatures vanquished.

Grand Total: 59 creatures vanquished

Notes
Turn   | Place    | Note
--------------------------------------------------------------
     0 | D        | Kidiri the Spriggan Enchanter began the quest for the Orb.
     0 | D        | Reached XP level 1. HP: 9/9 MP: 5/5
     2 | D        | Noticed Ijyb
    37 | D        | Killed Ijyb
    37 | D        | Reached skill level 1 in Fighting
    37 | D        | Reached skill level 5 in Stealth
    37 | D        | Reached XP level 2. HP: 6/14 MP: 4/8
    48 | D        | Learned a level 2 spell: Ensorcelled Hibernation
   239 | D        | Noticed an ogre
   241 | D        | Killed an ogre
   241 | D        | Reached skill level 1 in Armour
   241 | D        | Reached skill level 7 in Stealth
   241 | D        | Reached skill level 5 in Spellcasting
   241 | D        | Reached skill level 1 in Ice Magic
   241 | D        | Reached XP level 3. HP: 18/18 MP: 8/10
   241 | D        | Reached XP level 4. HP: 23/23 MP: 9/12
   368 | D        | Noticed Sigmund
   370 | D        | Killed Sigmund
   370 | D        | Reached skill level 5 in Short Blades
   370 | D        | Reached skill level 9 in Stealth
   370 | D        | Reached skill level 5 in Hexes
   370 | D        | Reached XP level 5. HP: 28/28 MP: 13/15
   370 | D        | Reached XP level 6. HP: 32/32 MP: 13/16
   383 | D        | Found a snail-covered altar of Cheibriados.
   383 | D        | Found a shadowy altar of Dithmenos.
   383 | D        | Noticed a slime creature
   384 | D        | Found a viscous altar of Jiyva.
   384 | D        | Found a blossoming altar of Fedhas.
   387 | D        | Became a worshipper of Dithmenos the Shadowed
   388 | D        | Killed a slime creature
   388 | D        | Reached skill level 10 in Stealth
   388 | D        | Reached skill level 1 in Invocations
   406 | D        | Found a deep blue altar of Sif Muna.
   408 | D        | Found a radiant altar of Vehumet.
   453 | D        | Learned a level 3 spell: Confuse
   457 | D        | Learned a level 3 spell: Tukima's Dance
   461 | D        | Learned a level 3 spell: Dazzling Spray
   461 | D        | Found Cehusotu's Magic Scroll Emporium.
   461 | D        | Found a white marble altar of Elyvilon.
   461 | D        | Found a stormy altar of Qazlal.
   461 | D        | Found a burning altar of Makhleb.
   461 | D        | Found a sacrificial altar of Ru.
   461 | D        | Found an oddly glowing altar of Pakellas.
   461 | D        | Found a basalt altar of Yredelemnul.
   461 | D        | Found a glowing golden altar of the Shining One.
   461 | D        | Found a sparkling altar of Nemelex Xobeh.
   461 | D        | Found a shimmering altar of Xom.
   461 | D        | Found an opulent altar of Gozag.
   461 | D        | Found an ancient bone altar of Kikubaaqudgha.
   461 | D        | Found a glowing silver altar of Zin.
   461 | D        | Noticed a yak
   462 | D        | Found an iron altar of Okawaru.
   463 | D        | Killed a yak
   463 | D        | Reached * piety under Dithmenos
   463 | D        | Reached XP level 7. HP: 36/36 MP: 17/19
   464 | D        | Found a bloodstained altar of Trog.
   480 | D        | Noticed Sonja
   484 | D        | Killed Sonja
   484 | D        | Reached skill level 10 in Dodging
   484 | D        | Reached skill level 11 in Stealth
   484 | D        | Reached skill level 1 in Conjurations
   484 | D        | Reached XP level 8. HP: 42/42 MP: 20/22
   498 | D        | Found Leisisoo's General Store.
   519 | D        | Noticed a deep troll
   523 | D        | Killed a deep troll
   523 | D        | Reached skill level 12 in Stealth
   533 | D        | Found Tisch's Armour Emporium.
   541 | D        | Bought a +0 cloak for 54 gold pieces
   582 | D        | Bought a scroll of identify for 20 gold pieces
   582 | D        | Bought a scroll of identify for 20 gold pieces
   604 | D        | Bought a scroll of identify for 26 gold pieces
   604 | D        | Bought a scroll of identify for 26 gold pieces
   663 | D        | Bought a scroll of enchant weapon for 97 gold pieces
   663 | D        | Bought a scroll of enchant armour for 97 gold pieces
   663 | D        | Bought a scroll of enchant weapon for 97 gold pieces
   711 | D        | Noticed a centaur warrior
   711 | D        | Noticed a centaur warrior
   717 | D        | Killed a centaur warrior
   717 | D        | Reached ** piety under Dithmenos
   717 | D        | Reached skill level 13 in Stealth
   717 | D        | Reached skill level 10 in Spellcasting
   717 | D        | Reached XP level 9. HP: 28/46 MP: 20/24
   726 | D        | Killed a centaur warrior
   726 | D        | Reached skill level 5 in Fighting
   958 | D        | Noticed an oklob plant
   965 | D        | Killed an oklob plant
   965 | D        | Reached skill level 14 in Stealth
   965 | D        | Reached skill level 5 in Invocations
   992 | D        | Reached skill level 10 in Short Blades
   998 | D        | Reached skill level 5 in Ice Magic
  1015 | D        | Reached *** piety under Dithmenos
  1015 | D        | Reached XP level 10. HP: 51/51 MP: 26/26
  1022 | D        | Noticed an unseen horror
  1022 | D        | Noticed an unseen horror
  1029 | D        | Killed an unseen horror
  1031 | D        | Killed an unseen horror
  1031 | D        | Reached skill level 5 in Armour
  1036 | D        | Reached **** piety under Dithmenos
  1054 | D        | Reached ***** piety under Dithmenos
  1054 | D        | Reached skill level 15 in Stealth
  1138 | D        | Got a warped ice dragon armour
  1149 | D        | Identified the cursed +1 ice dragon armour of Beogh's Envy {rF- rC++ Dex+3} (You found it in the Dungeon)
  1187 | D        | Bought 2 scrolls of remove curse for 78 gold pieces
  1238 | D        | Found Ruhanub's Weapon Shoppe.
  1238 | D        | Found Piuddan's Food Shop.
  1238 | D        | Found Uduassat's Antique Armour Boutique.
  1240 | D        | Found Leidugach's Food Emporium.
  1240 | D        | Found Bauthihe's Food Shop.
  1240 | D        | Found Bereliv's Assorted Antiques.
  1240 | D        | Found Sita's Distillery.
  1240 | D        | Found Uculeoh's Antique Weapon Emporium.
  1240 | D        | Found Xeigeub's Assorted Antiques.
  1240 | D        | Found Iqigen's Food Shoppe.
  1244 | D        | Bought a glowing robe for 18 gold pieces
  1254 | D        | Found Otacvu's Book Boutique.
  1255 | D        | Found Tycoish's Book Emporium.
  1255 | D        | Found Bauw's Antique Weapon Boutique.
  1256 | D        | Found Oseceute's Weapon Emporium.
  1257 | D        | Bought a metal-bound book for 390 gold pieces
  1257 | D        | Bought a golden ring for 130 gold pieces
  1257 | D        | Bought a glowing robe for 18 gold pieces
  1270 | D        | Bought a glowing rapier for 116 gold pieces
  1272 | D        | Bought a paperback book for 375 gold pieces
  1272 | D        | Bought a scroll of identify for 50 gold pieces
  1272 | D        | Bought a scroll of identify for 50 gold pieces
  1324 | D        | Learned a level 9 spell: Shatter
  1439 | D        | Reached skill level 1 in Earth Magic
  1493 | D        | Reached ****** piety under Dithmenos
  1610 | D        | Noticed a lindwurm
  1612 | D        | Killed a lindwurm
  1612 | D        | Reached XP level 11. HP: 56/56 MP: 28/28
  1624 | D        | Reached skill level 16 in Stealth
  1651 | D        | Reached skill level 10 in Hexes
  1672 | D        | Noticed a 12-headed hydra
  1674 | D        | Killed a 12-headed hydra
  1674 | D        | Reached skill level 15 in Dodging
  1685 | D        | Noticed a deep elf annihilator
  1775 | D        | Noticed Norris
  1776 | D        | Noticed a lorocyproca
  1790 | D        | Demolished by a lorocyproca

Vault maps used:
D:        dungeon_sprint_1

Skill      XL: |  1  2  3  4  5  6  7  8  9 10 11 |
---------------+----------------------------------+-----
Fighting       | 1 2 3 4 5 6 |  6.7
Short Blades   | 2 4 5 7 8 9 10 11 12 | 12.0
Dodging        | 4 6 7 9 10 11 12 14 15 | 15.2
Stealth        | 5 7 9 10 11 13 14 15 16 | 16.6
Spellcasting   | 4 5 6 8 9 10 11 12 13 | 13.2
Hexes          | 4 5 6 7 8 9 10 | 10.2
Armour         | 1 2 3 4 5 6 |  6.0
Ice Magic      | 1 2 3 4 5 6 |  6.3
Invocations    | 2 3 4 5 |  5.8
Conjurations   | 1 2 3 4 |  4.9
Earth Magic    | 2 3 |  3.3

Action                   |  1- 3 |  4- 6 |  7- 9 | 10-12 || total
-------------------------+-------+-------+-------+-------++-------
Melee: Dagger            |    22 |     4 |    15 |    50 ||    91
       Rapier            |       |       |       |     3 ||     3
 Cast: Corona            |     4 |       |       |       ||     4
       Ensorcelled Hiber |       |       |     2 |     5 ||     7
       Confuse           |       |       |     2 |     4 ||     6
       Dazzling Spray    |       |       |       |    16 ||    16
Invok: Shadow Step       |       |       |       |     3 ||     3
  Use: Scroll            |       |       |     8 |     4 ||    12
       Potion            |       |       |       |     2 ||     2
 Stab: Sleeping          |     2 |     4 |     7 |    32 ||    45
       Confused          |       |       |     4 |     2 ||     6
       Invisible         |       |       |       |     6 ||     6
Armor: Robe              |     1 |       |     1 |       ||     2
Dodge: Dodged            |    14 |       |     4 |    63 ||    81
